 Dungeon Crawl Stone Soup version 0.13.0 (webtiles) character file.

44209 Antur the Severer (level 14, -16/178 HPs)
             Began as a Hill Orc Fighter on Oct 12, 2013.
             Was the Champion of Beogh.
             Demolished by a snapping turtle (18 damage)
             ... on Level 3 of the Shoals.
             The game lasted 01:45:19 (15224 turns).

Antur the Severer (Hill Orc Fighter)               Turns: 15224, Time: 01:45:19

HP -16/178       AC 15     Str 29      XL: 14   Next: 23%
MP  20/20        EV 10     Int 11      God: Beogh [******]
Gold 870         SH 29     Dex 10      Spells:  1 memorised, 16 levels left

Res.Fire  : . . .   See Invis. : .   j - +3 dwarf war axe (elec)
Res.Cold  : . . .   Warding    : .   H - +2 leather armour of Failure {+Rage rPois Int+3 Acc+3 Dam+5}
Life Prot.: . . .   Conserve   : .   c - +0 orc shield
Res.Poison: +       Res.Corr.  : .   (no helmet)
Res.Elec. : .       Clarity    : .   (no cloak)
Sust.Abil.: . .     Spirit.Shd : .   I - +1 pair of dwarf gloves
Res.Mut.  : .       Stasis     : .   G - +0 pair of boots
Res.Rott. : .       Flight     : .   w - amulet of the gourmand
Gourmand  : +                        p - +0,+7 ring of slaying
                                     N - +5 ring of protection

@: berserking, drained, very quick, somewhat resistant to hostile enchantments,
extremely unstealthy
A: walk on water, saprovore 1
a: Smiting, Recall Orcish Followers, Renounce Religion, Evoke Berserk Rage


You were on level 3 of the Shoals.
You worshipped Beogh.
Beogh was exalted by your worship.
You were not hungry.

You visited 3 branches of the dungeon, and saw 19 of its levels.
You also visited: Labyrinth and Volcano.

You collected 850 gold pieces.

Inventory:

Hand weapons
 j - a +3,+3 dwarven war axe of electrocution (weapon)
 L - the +4,+2 spear "Iqureo" (quivered) {flame, Hunger +Inv rElec rF+ rN+}
   (You found it on level 7 of the Dungeon)

   It emits flame when wielded, causing extra injury to most foes and up to
   double damage against particularly susceptible opponents.
   It protects you from fire.
   It insulates you from electricity.
   It protects you from negative energy.
   It lets you turn invisible.
   It speeds your metabolism.
 Y - a -1,+0 orcish battleaxe of draining
Armour
 c - a +0 orcish shield (worn)
 g - a +1 plate armour
 G - a +0 pair of boots (worn)
 H - the +2 leather armour of Failure (worn) {+Rage rPois Int+3 Acc+3 Dam+5}
   (You found it on level 8 of the Lair of Beasts)

   It affects your intelligence (+3).
   It affects your accuracy (+3).
   It affects your damage-dealing abilities (+5).
   It protects you from poison.
   It lets you go berserk.
 I - a +1 pair of dwarven gloves (worn)
Magical devices
 e - a wand of fireball (0)
 z - a wand of digging (9) {unknown}
 C - a wand of slowing (0)
 D - a wand of flame (23)
 F - a wand of disintegration (6)
 M - a wand of cold (2)
 P - a wand of fireball (4)
 V - a wand of lightning (4)
Comestibles
 d - 6 meat rations
 h - 5 bread rations
Scrolls
 i - 2 scrolls of amnesia
 t - 2 scrolls of remove curse
 y - a scroll of identify
 U - a scroll of recharging
Jewellery
 k - an uncursed ring of ice
 l - an uncursed amulet of faith
 m - an uncursed ring of wizardry
 n - an uncursed ring of poison resistance
 o - an uncursed ring of sustain abilities
 p - a +0,+7 ring of slaying (right hand)
 q - an uncursed amulet of resist mutation
 w - an amulet of the gourmand (around neck)
 E - the ring of Jego {-Tele +Fly Str+1 Stlth-, I WENT THROUGH LABYRINTH TO GET THIS?}
   (You found it in a labyrinth)

   [ring of flight]

   It affects your strength (+1).
   It prevents most forms of teleportation.
   It makes you less stealthy.
 J - a cursed ring of teleportation
 N - a +5 ring of protection (left hand)
 O - an uncursed amulet of warding
 Q - an uncursed ring of protection from cold
 S - an uncursed amulet of clarity
Potions
 a - 2 potions of agility
 f - 7 potions of curing
 r - 2 potions of might
 u - a potion of flight
 v - 7 potions of speed
 x - 2 potions of restore abilities
 A - a potion of experience {unknown}
 B - 2 potions of heal wounds
 K - a potion of strong poison {unknown}
 T - a potion of resistance {unknown}
 X - 3 potions of magic
Books
 b - a book of the Warp

   Spells                             Type                      Level
   Recall                             Summoning/Translocation      3
   Control Teleport                   Charms/Translocation         4
   Phase Shift                        Translocation                5
   Warp Weapon                        Charms/Translocation         5
   Dispersal                          Translocation                6
   Controlled Blink                   Translocation                7
   Disjunction                        Translocation                8
 R - a book of War Chants

   Spells                             Type                      Level
   *Fire Brand                        Charms/Fire                  2
   Freezing Aura                      Charms/Ice                   2
   Shroud of Golubria                 Charms/Translocation         2
   Repel Missiles                     Charms/Air                   2
   Poison Weapon                      Charms/Poison                3
   Regeneration                       Charms/Necromancy            3
 W - a book of Flames

   Spells                             Type                      Level
   Flame Tongue                       Conjuration/Fire             1
   Throw Flame                        Conjuration/Fire             2
   Conjure Flame                      Conjuration/Fire             3
   Inner Flame                        Hexes/Fire                   3
   Sticky Flame                       Conjuration/Fire             4
   Fireball                           Conjuration/Fire             5


   Skills:
 + Level 10.9(10.0) Fighting
 * Level 20.1(18.9) Axes
 + Level 0.9(0.2) Polearms
 + Level 10.3(9.4) Armour
 - Level 0.1(0.0) Dodging
 + Level 2.7(1.9) Stealth
 + Level 11.9(10.9) Shields
 - Level 2.5(1.7) Spellcasting
 * Level 3.5(2.7) Fire Magic
 + Level 3.5(2.7) Invocations
 - Level 1.3(0.6) Evocations


You had 16 spell levels left.
You knew the following spells:

 Your Spells              Type           Power        Failure   Level  Hunger
a - Fire Brand            Chrm/Fire      #.........   34%         2    ###....


Dungeon Overview and Level Annotations

Branches:
Dungeon (8/27)             Temple (0/1) D:6            Lair (8/8) D:8
 Shoals (3/5) Lair:3       Spider (0/5) Lair:5        Slime (0/6) Lair:8
    Orc: D:6-11

Altars:
Ashenzari
Trog
Vehumet
Xom
Zin
Jiyva

Shops:
D:6 +

Annotations:
D:5 Grinder
Shoals:2 Kirke, Norris, Rupert


Innate Abilities, Weirdness & Mutations

You can walk on water.
You can tolerate rotten meat.


Message History

You slash the plant!
The plant is moderately damaged.
You chop the sheep into pieces!!!
You kill the sheep!
Beogh accepts your kill.
You hit the snapping turtle but do no damage.
The snapping turtle is lightly wounded.
You block the snapping turtle's attack.
The snapping turtle bites you but does no damage.
The snapping turtle barely misses you. You block the merfolk's attack.
The merfolk closely misses you.
You slice the snapping turtle!!
The snapping turtle is heavily wounded.
You barely miss the merfolk. You slice the plant!!
The plant is heavily damaged.
You slash the snapping turtle!
There is a sudden explosion of sparks!
The snapping turtle is heavily wounded.
You block the sheep's attack. The snapping turtle bites you!
You die...

..≈≈≈≈≈≈≈≈.......≈≈≈≈≈≈
#..≈≈≈≈.... ....≈≈≈≈≈≈# P
#..≈≈Y....# ...≈≈≈≈≈≈# P
#(.≈≈≈....# ###C.≈≈≈≈≈≈#
.###%<..≈....###...Y≈≈≈≈≈≈#
..)%%.(.≈....C...)Y)≈≈≈≈≈≈#
P.......≈..###..)...≈≈≈≈≈≈#
.≈≈...P....###.mYtm.≈≈≈≈≈≈#
.≈≈..#.......Ptm@YY.≈≈≈≈≈≈#
.≈≈.##)....P..PPt)≈≈≈≈≈≈≈≈#
≈≈≈...)..PP.≈≈P≈≈≈P≈≈≈≈≈≈≈#
≈≈≈≈.).P≈..≈≈P≈≈≈≈≈≈≈≈≈≈≈≈
≈≈≈≈P.PP≈≈≈≈.≈≈≈≈≈≈≈≈≈≈≈≈
.≈....≈≈≈≈≈≈≈≈≈≈≈≈≈≈≈≈≈≈≈
.....)P≈≈≈P.≈≈≈≈≈≈≈≈≈≈≈≈
!....≈≈≈....≈≈≈≈≈≈≈≈≈≈≈
..P.≈≈≈........≈≈≈≈≈≈≈


You could see 3 snapping turtles, 2 cyclopes, 3 merfolk and 5 sheep.

Vanquished Creatures
  A minotaur (Lab)
  A dragon (Lair:8)
  4 hydras
  2 death yaks (Lair:4)
  A catoblepas (Lair:5)
  14 elephants
  3 griffons
  3 black mambas
  6 fire drakes
  8 spiny frogs
  4 mermaids
  6 komodo dragons
  A snapping turtle (Shoals:2)
  A grizzly bear (Lair:7)
  2 basilisks
  13 blink frogs
  A tarantella (Lair:5)
  13 yaks
  2 elephant slugs
  10 hippogriffs
  5 hogs
  2 sharks (Shoals:1)
  13 merfolk
  A necrophage (D:8)
  A steam dragon (Lair:8)
  2 hell hounds (Lair:8)
  6 manticores
  21 wolves
  4 mottled dragons (Lair:8)
  An ice beast (D:5)
  8 porcupines
  A phantom (D:7)
  4 ogres
  3 centaurs
  9 giant slugs
  4 wargs (Lair:8)
  6 water moccasins
  13 crocodiles
  Blork the orc (D:5)
  7 giant frogs
  9 agate snails
  2 crimson imps
  A goliath beetle (D:6)
  16 hounds
  2 jellies
  2 orc priests
  A giant frog skeleton (D:6)
  2 worker ants
  3 orc wizards
  13 iguanas
  Ijyb (D:6)
  Jessica (D:3)
  14 sheep
  17 adders
  4 gnolls (D:2)
  2 giant centipedes
  52 green rats
  A giant mite (D:5)
  4 worms
  A giant eyeball (D:6)
  10 giant geckos
  5 oozes
  22 orcs
  3 bat skeletons
  6 giant cockroaches
  6 hobgoblins
  8 quokkas
  5 ball pythons
  18 bats
  A giant newt (D:3)
  A gnoll skeleton (D:5)
  11 goblins
  24 jackals
  A jackal zombie (D:7)
  13 kobolds
  A kobold skeleton (D:7)
  An orc skeleton (D:8)
  19 rats
  A rat skeleton (D:6)
  4 ballistomycetes
  2 bushes
  9 fungi
  31 plants
558 creatures vanquished.

Vanquished Creatures (collateral kills)
  3 hydras
  A death yak (Lair:4)
  A griffon (Lair:8)
  A black mamba (Lair:6)
  A spiny frog (Lair:4)
  A komodo dragon (Lair:5)
  7 blink frogs
  3 yaks (Lair:6)
  2 hippogriffs
  A porcupine (Lair:8)
  3 giant frogs
  An agate snail (Lair:6)
  4 water moccasins
  A crocodile (Lair:4)
  A hound (Lair:6)
  8 green rats (Lair:5)
  An adder (Lair:6)
  A bat (Lair:5)
  3 jackals
  A jackal zombie (Lair:5)
  2 quokkas
  3 fungi
  3 plants
53 creatures vanquished.

Vanquished Creatures (others)
  An orc sorcerer (Lair:7)
  6 orc priests
  A tarantella zombie (Lair:5)
  An orc warrior (Lair:8)
  4 orc wizards
  A blink frog zombie (Lair:6)
  A yak zombie (Lair:6)
  A giant frog zombie (Lair:5)
  An iguana (D:6)
  A hound zombie (Lair:6)
  A green rat (Lair:5)
  An adder (Lair:5)
  An adder skeleton (Lair:6)
  2 adder zombies
  An orc (D:3)
  3 giant spores
  A green rat zombie (Lair:5)
  A jackal zombie (Lair:6)
  A rat (D:8)
  A rat zombie (Lair:6)
  6 fungi (Lair:8)
  4 plants
41 creatures vanquished.

Grand Total: 652 creatures vanquished

Notes
Turn   | Place    | Note
--------------------------------------------------------------
     0 | D:1      | Antur, the Hill Orc Fighter, began the quest for the Orb.
     0 | D:1      | Reached XP level 1. HP: 19/19 MP: 0/0
   134 | D:1      | Reached XP level 2. HP: 16/26 MP: 1/1
   504 | D:1      | Reached XP level 3. HP: 29/33 MP: 2/2
   701 | D:2      | Reached skill level 4 in Fighting
   799 | D:2      | Reached XP level 4. HP: 35/40 MP: 3/3
  1589 | D:3      | Reached XP level 5. HP: 46/46 MP: 4/4
  1644 | D:3      | Became a worshipper of Beogh the Brigand
  1703 | D:3      | Noticed a centaur
  1714 | D:3      | Killed a centaur
  1758 | D:3      | Reached skill level 5 in Axes
  1802 | D:3      | Found a bloodstained altar of Trog.
  1802 | D:3      | Found a radiant altar of Vehumet.
  1869 | D:3      | Noticed Jessica
  1876 | D:3      | Killed Jessica
  1876 | D:3      | Reached XP level 6. HP: 44/53 MP: 5/5
  2211 | D:4      | Reached skill level 5 in Armour
  2510 | D:4      | Reached skill level 5 in Shields
  2510 | D:4      | Reached XP level 7. HP: 10/59 MP: 6/6
  2886 | D:5      | Entered Level 5 of the Dungeon
  2914 | D:5      | Reached skill level 6 in Axes
  3057 | D:5      | Noticed Grinder
  3060 | D:5      | Paralysed by Grinder for 4 turns
  3279 | D:5      | Reached skill level 7 in Axes
  3471 | D:5      | Acquired Beogh's first power
  3523 | D:5      | Reached XP level 8. HP: 63/67 MP: 7/7
  3615 | D:5      | Noticed Blork the orc
  3619 | D:5      | Killed Blork the orc
  3619 | D:5      | Reached skill level 5 in Fighting
  3619 | D:5      | Reached skill level 8 in Axes
  3712 | D:6      | Found Smirghucs' Book Shoppe.
  3722 | D:6      | Paralysed by a giant eyeball for 2 turns
  3728 | D:6      | Paralysed by a giant eyeball for 4 turns
  3880 | D:6      | Found a staircase to the Ecumenical Temple.
  3953 | D:6      | Noticed Ijyb
  3974 | D:6      | Killed Ijyb
  3974 | D:6      | Acquired Beogh's second power
  4024 | D:6      | Reached skill level 9 in Axes
  4869 | D:7      | Got a bone spear
  4870 | D:7      | Identified the +4,+2 spear "Iqureo" {flame, Hunger +Inv rElec rF+ rN+} (You found it on level 7 of the Dungeon)
  4941 | D:7      | Reached skill level 10 in Axes
  4941 | D:7      | Reached XP level 9. HP: 55/73 MP: 8/8
  5160 | D:7      | Acquired Beogh's third power
  5664 | D:8      | Noticed a four-headed hydra
  5700 | D:8      | Found a staircase to the Lair.
  5700 | D:8      | Noticed a fire drake
  5705 | D:8      | Killed a fire drake
  5705 | D:8      | Reached skill level 11 in Axes
  5735 | Lair:1   | Entered Level 1 of the Lair of Beasts
  6050 | Lair:1   | Reached skill level 1 in Stealth
  6055 | Lair:1   | Reached skill level 12 in Axes
  6055 | Lair:1   | Reached XP level 10. HP: 68/83 MP: 14/14
  6266 | Lair:2   | Noticed a black mamba
  6280 | Lair:2   | Killed a black mamba
  6280 | Lair:2   | Reached skill level 1 in Evocations
  6444 | Lair:2   | Acquired Beogh's fourth power
  6444 | Lair:2   | Reached skill level 1 in Spellcasting
  6481 | Lair:2   | Noticed a four-headed hydra
  6517 | Lair:2   | Killed a four-headed hydra
  6517 | Lair:2   | Reached skill level 13 in Axes
  6956 | Lair:2   | Noticed a five-headed hydra
  6973 | Lair:2   | Killed a five-headed hydra
  7332 | Lair:2   | Reached skill level 14 in Axes
  7332 | Lair:2   | Reached XP level 11. HP: 72/90 MP: 15/15
  7341 | Lair:3   | Found a staircase to the Shoals.
  7380 | Shoals:1 | Entered Level 1 of the Shoals
  7443 | Lair:3   | Acquired Beogh's fifth power
  7720 | Lair:3   | Noticed a four-headed hydra
  7732 | Lair:3   | Killed a four-headed hydra
  7801 | Lair:3   | Reached skill level 15 in Axes
  7938 | Lair:3   | Found a shattered altar of Ashenzari.
  8002 | Lair:3   | Gained Koronagh as an ally
  8105 | Lair:3   | Found a dark tunnel.
  8109 | Lair:3   | Reached skill level 10 in Shields
  8277 | Volcano  | Entered a volcano
  8440 | Lair:4   | Noticed a death yak
  8442 | Lair:4   | Noticed a death yak
  8443 | Lair:4   | Noticed a death yak
  8452 | Lair:4   | Killed a death yak
  8452 | Lair:4   | Reached XP level 12. HP: 85/100 MP: 18/18
  8459 | Lair:4   | Killed a death yak
  8459 | Lair:4   | Reached skill level 16 in Axes
  8463 | Lair:4   | Killed a death yak
  8953 | Lair:5   | Found a hole to the Spider Nest.
  9383 | Lair:5   | Reached skill level 17 in Axes
  9870 | Lair:6   | Found a labyrinth entrance.
  9889 | Lab      | Entered a labyrinth
 10744 | Lab      | Noticed a minotaur
 10752 | Lab      | Killed a minotaur
 10770 | Lab      | Got an ancient golden ring
 10771 | Lab      | Identified the ring of Jego {-Tele +Fly Str+1 Stlth-} (You found it in a labyrinth)
 10914 | Lair:6   | Noticed an eight-headed hydra
 10920 | Lair:6   | Your ally Koronagh died
 10922 | Lair:6   | Killed an eight-headed hydra
 10961 | Lair:6   | Found a shimmering altar of Xom.
 11006 | Lair:6   | Gained Olfik as an ally
 11047 | Lair:6   | Noticed a four-headed hydra
 11053 | Lair:6   | Killed a four-headed hydra
 11195 | Lair:7   | Noticed a seven-headed hydra
 11213 | Lair:7   | Your ally Olfik died
 11214 | Lair:7   | Killed an eight-headed hydra
 11214 | Lair:7   | Reached XP level 13. HP: 75/108 MP: 19/19
 11380 | Lair:7   | Reached skill level 18 in Axes
 11607 | Lair:7   | Reached skill level 10 in Armour
 11831 | Lair:7   | Noticed a six-headed hydra
 11848 | Lair:7   | Killed a six-headed hydra
 11909 | Lair:7   | Gained Bogwik as an ally
 11909 | Lair:7   | Gained Ognian as an ally
 11910 | Lair:7   | Gained Agrik as an ally
 11953 | Lair:7   | Reached skill level 10 in Fighting
 12041 | Lair:8   | Entered Level 8 of the Lair of Beasts
 12063 | Lair:8   | Your ally Ognian died
 12112 | Lair:8   | Found a viscous altar of Jiyva.
 12115 | Lair:8   | Found a staircase to the Slime Pits.
 12159 | Lair:8   | Your ally Agrik died
 12166 | Lair:8   | Your ally Bogwik died
 12271 | Lair:8   | Got a twisted leather armour
 12344 | Lair:8   | Reached skill level 19 in Axes
 12428 | Lair:8   | Gained Ugrim as an ally
 12428 | Lair:8   | Gained Hilgar as an ally
 12436 | Lair:8   | Your ally Ugrim died
 12483 | Lair:8   | Identified the +2 leather armour of Failure {+Rage rPois Int+3 Acc+3 Dam+5} (You found it on level 8 of the Lair of Beasts)
 12833 | Lair:8   | Learned a level 2 spell: Fire Brand
 12994 | Lair:8   | Your ally Hilgar died
 12995 | Lair:8   | Reached skill level 1 in Fire Magic
 13436 | Lair:8   | Reached XP level 14. HP: 109/118 MP: 20/20
 13956 | Shoals:1 | Found a glowing silver altar of Zin.
 14064 | Shoals:2 | Reached skill level 20 in Axes
 14122 | Shoals:2 | Noticed Norris
 14142 | Shoals:2 | Paralysed by it for 2 turns
 14344 | Shoals:2 | Noticed Rupert
 14616 | Shoals:2 | Paralysed by Rupert for 2 turns
 14865 | Shoals:2 | Noticed Kirke
 15221 | Shoals:3 | HP: 2/178 [snapping turtle (13)]
 15224 | Shoals:3 | Demolished by a snapping turtle

Action                   |  1- 3 |  4- 6 |  7- 9 | 10-12 | 13-15 || total
-------------------------+-------+-------+-------+-------+-------++-------
Melee: Hand axe          |   111 |   187 |   397 |   324 |       ||  1019
       Spear             |       |       |       |    18 |    20 ||    38
       War axe           |       |       |       |   125 |   514 ||   639
       Battleaxe         |       |       |       |     8 |       ||     8
Throw: Dart              |       |       |     1 |       |       ||     1
Invok: Convert to Beogh  |       |     1 |       |       |       ||     1
       Smiting           |       |       |       |       |     4 ||     4
 Abil: Evoke Berserk Rag |       |       |       |       |     1 ||     1
Evoke: Wand              |       |       |     5 |    18 |    19 ||    42
  Use: Scroll            |       |    12 |    14 |    12 |    14 ||    52
       Potion            |       |     1 |       |     3 |    12 ||    16
 Stab: Paralysed         |       |       |       |     3 |       ||     3
       Distracted        |       |       |       |     2 |     2 ||     4
       Sleeping          |       |       |       |       |     1 ||     1
